 Dungeon Crawl Stone Soup version 0.21.1-1-g345015f (webtiles) character file.

35 wilfster70 the Sneak (level 3, 25/25 HPs)
             Began as a Gnoll Enchanter on May 2, 2018.
             Quit the game on level 1 of the Dungeon on May 25, 2018.
             The game lasted 00:04:02 (971 turns).

wilfster70 the Sneak (Gnoll Enchanter)               Turns: 971, Time: 00:04:03

Health: 25/25      AC:  2    Str: 10    XL:     3   Next: 35%
Magic:  9/9        EV: 14    Int: 18    God:
Gold:   23         SH:  0    Dex: 15    Spells: 9/12 levels left

rFire    . . .     SeeInvis .   a - +1 dagger
rCold    . . .     Gourm    .   (no shield)
rNeg     . . .     Faith    .   b - +0 robe
rPois    .         Spirit   .   (no helmet)
rElec    .         Reflect  .   (no cloak)
rCorr    .         Harm     .   (no gloves)
MR       .....                  (no boots)
Stlth    +++.......             (no amulet)
HPRegen  0.08/turn              (no ring)
MPRegen  0.11/turn              (no ring)

@: no status effects
A: distributed training, fangs 1, strong nose
a: no special abilities


You were on level 1 of the Dungeon.
You were not hungry.

You visited 1 branch of the dungeon, and saw 1 of its levels.

You collected 23 gold pieces.

Inventory:

Hand Weapons
 a - a +1 dagger (weapon)
Missiles
 e - 20 stones (quivered)
Armour
 b - a +0 robe (worn)
Scrolls
 h - 2 scrolls of enchant weapon {unknown}
Potions
 g - a potion of cancellation {unknown}
Books
 c - a book of Maledictions

   Spells                             Type                      Level
   a - Corona                         Hexes                        1
   b - Ensorcelled Hibernation        Hexes/Ice                    2
   c - Confuse                        Hexes                        3
   d - Tukima's Dance                 Hexes                        3
   e - Dazzling Spray                 Conjuration/Hexes            3
Comestibles
 d - a ration
 f - a chunk of flesh


   Skills:
 + Level 0.7 Fighting
 + Level 2.6 Short Blades
 + Level 0.7 Long Blades
 + Level 0.7 Axes
 + Level 0.7 Maces & Flails
 + Level 0.7 Polearms
 + Level 0.7 Staves
 + Level 0.7 Slings
 + Level 0.7 Bows
 + Level 0.7 Crossbows
 + Level 0.7 Throwing
 + Level 0.7 Armour
 + Level 4.5 Dodging
 + Level 6.0 Stealth
 + Level 0.7 Shields
 + Level 0.7 Unarmed Combat
 + Level 5.0 Spellcasting
 + Level 0.5 Conjurations
 + Level 5.4 Hexes
 + Level 0.5 Charms
 + Level 0.5 Summonings
 + Level 0.5 Necromancy
 + Level 0.5 Translocations
 + Level 0.5 Transmutations
 + Level 0.5 Fire Magic
 + Level 0.5 Ice Magic
 + Level 0.5 Air Magic
 + Level 0.5 Earth Magic
 + Level 0.5 Poison Magic
 + Level 0.9 Invocations
 + Level 0.7 Evocations


You had 9 spell levels left.
You knew the following spells:

 Your Spells              Type           Power        Failure   Level  Hunger
a - Corona                Hex            ###....      1%          1    None
b - Ensorcelled Hibernat  Hex/Ice        ###...       6%          2    #......


Dungeon Overview and Level Annotations

Branches:
Dungeon (1/15)

Altars:


Innate Abilities, Weirdness & Mutations

Your experience applies equally to all skills.
You have very sharp teeth.
Your uncanny sense of smell can sniff out nearby items.


Message History

f - 3 chunks of flesh (gained 1)
You start resting.
Magic restored.
You start resting.
HP restored.
Found a stone staircase leading down.
There is an open door here.
You see here a dagger.
There is an open door here.
You see here a dagger.
Some of the chunks of flesh in your inventory have rotted away.
The rat is too close now for your liking.
The helpless rat fails to defend itself.
You impale the rat!!
You kill the rat!
Done exploring.
Saving game... please wait.
Welcome back, wilfster70 the Gnoll Enchanter.
Press ? for a list of commands and other information.
Are you sure you want to abandon this character and quit the game? (Confirm with "yes".)

##### ##...## ###
##.....## ##..
#.......# ##...
#...@...# ####.(..
#.......######.......
##...................
#.......##.....##....
#.......###.รท........
#.......# #.######...
##.....## #...# ###..
##...## ###.###...#
##### #..##..##


There were no monsters in sight!

Vanquished Creatures
  2 leopard geckos (D:1)
  7 bats (D:1)
  5 goblins (D:1)
  2 hobgoblins (D:1)
  4 jackals (D:1)
  3 kobolds (D:1)
  2 frilled lizards (D:1)
  5 rats (D:1)
30 creatures vanquished.

Notes
Turn   | Place    | Note
-------+----------+-------------------------------------------
     0 | D:1      | wilfster70 the Gnoll Enchanter began the quest for the Orb.
     0 | D:1      | Reached XP level 1. HP: 13/13 MP: 6/6
   152 | D:1      | Reached XP level 2. HP: 13/19 MP: 5/7
   330 | D:1      | Learned a level 2 spell: Ensorcelled Hibernation
   563 | D:1      | Reached XP level 3. HP: 20/25 MP: 9/9
   571 | D:1      | Reached skill level 5 in Spellcasting
   860 | D:1      | Reached skill level 6 in Stealth
   971 | D:1      | Quit the game

Skill      XL: |  1  2  3 |
---------------+----------+-----
Spellcasting   | 5 |  5.0
Stealth        | 6 |  6.0
Fighting       | |  0.7
Short Blades   | |  2.6
Long Blades    | |  0.7
Axes           | |  0.7
Maces & Flails | |  0.7
Polearms       | |  0.7
Staves         | |  0.7
Slings         | |  0.7
Bows           | |  0.7
Crossbows      | |  0.7
Throwing       | |  0.7
Armour         | |  0.7
Dodging        | |  4.5
Shields        | |  0.7
Unarmed Combat | |  0.7
Conjurations   | |  0.5
Hexes          | |  5.4
Charms         | |  0.5
Summonings     | |  0.5
Necromancy     | |  0.5
Translocations | |  0.5
Transmutations | |  0.5
Fire Magic     | |  0.5
Ice Magic      | |  0.5
Air Magic      | |  0.5
Earth Magic    | |  0.5
Poison Magic   | |  0.5
Invocations    | |  0.9
Evocations     | |  0.7

Action                   || total
-------------------------++-------
Melee: Dagger            ||    94
       Bite              ||     8
 Cast: Corona            ||     3
       Ensorcelled Hiber ||     8
 Stab: Sleeping          ||    10
       Distracted        ||     1
Armor: Robe              ||    36
Dodge: Dodged            ||   103
